 Dungeon Crawl Stone Soup version 0.23.2-33-g5129a83184 (webtiles) character file.

Game seed: 11872424054239950105

35 FishyPogo the Shooter (level 3, 0/28 HPs)
             Began as a Centaur Arcane Marksman on July 28, 2019.
             Killed from afar by Natasha (3 damage)
             ... with a magic dart
             ... on level 2 of the Dungeon.
             The game lasted 00:05:58 (1609 turns).

FishyPogo the Shooter (Centaur Arcane Marksman)     Turns: 1609, Time: 00:05:59

Health: 0/28       AC:  5    Str: 12    XL:     3   Next: 16%
Magic:  0/4        EV: 10    Int: 12    God:
Gold:   143        SH:  0    Dex: 10    Spells: 1/4 levels left

rFire    . . .     SeeInvis .   a - +0 short sword
rCold    . . .     Gourm    .   (no shield)
rNeg     . . .     Faith    .   k - +0 robe
rPois    .         Spirit   .   (no helmet)
rElec    .         Reflect  .   p - +0 cloak
rCorr    .         Harm     .   (no gloves)
MR       .....                  (no barding)
Stlth    +.........             (no amulet)
HPRegen  0.09/turn              (no ring)
MPRegen  0.09/turn              (no ring)

@: slowed
A: large, hooves 3, deformed body, speed 2, tough skin 3
a: no special abilities


You were on level 2 of the Dungeon.
You were hungry.

You visited 1 branch of the dungeon, and saw 2 of its levels.

You collected 143 gold pieces.

Inventory:

Hand Weapons
 a - a +0 short sword (weapon)
 b - a +0 shortbow
Armour
 k - a +0 robe (worn)
 p - a +0 cloak (worn)
Scrolls
 e - 2 scrolls of identify {unknown}
 g - a scroll of enchant armour {unknown}
 m - a scroll of immolation {unknown}
 q - a scroll of amnesia {unknown}
 r - a scroll of remove curse {unknown}
Potions
 c - a potion of resistance {unknown}
 h - a potion of berserk rage {unknown}
 i - 2 potions of haste {unknown}
 j - 2 potions of mutation {unknown}
 l - a potion of agility {unknown}
 n - 2 potions of curing {unknown}
 o - a potion of lignification {unknown}
Comestibles
 f - 3 rations


   Skills:
 + Level 1.1 Fighting
 + Level 3.6 Bows
 + Level 1.7 Dodging
 + Level 1.1 Spellcasting
 + Level 3.1 Hexes


You had one spell level left.
You knew the following spells:

 Your Spells              Type           Power        Failure   Level  Hunger
a - Corona                Hex            #......      9%          1    ##.....
b - Slow                  Hex            #.......     12%         2    ###....

Your spell library contained the following spells:

 Spells                   Type           Power        Failure   Level  Hunger
 Inner Flame              Hex/Fire       #.......     43%         3    ####...
 Portal Projectile        Hex/Tloc       #.....       43%         3    ####...
 Cause Fear               Hex            #.........   63%         4    #####..
 Leda's Liquefaction      Hex/Erth       #.........   83%         4    #####..


Dungeon Overview and Level Annotations

Branches:
Dungeon (2/15)

Altars:
Fedhas

Annotations:
D:2 Natasha


Innate Abilities, Weirdness & Mutations

You have hooves in place of feet.
Armour fits poorly on your strangely shaped body.
You cover ground very quickly.
You have extremely tough skin. (AC +3)


Message History

Firing (i - inventory) No suitable missiles.
Press: ? - help, Shift-Dir - straight line, f/p - Natasha
Aim: Natasha (heavily wounded)
Okay, then.
Firing (i - inventory) No suitable missiles.
Press: ? - help, Shift-Dir - straight line, f/p - Natasha
Aim: Natasha (heavily wounded)
Okay, then.
Firing (i - inventory) No suitable missiles.
Press: ? - help, Shift-Dir - straight line, f/p - Natasha
Aim: Natasha (heavily wounded)
Okay, then.
a - a +0 short sword (weapon)
You hit Natasha.
Natasha is severely wounded.
Natasha barely misses you. Natasha claws you.
* * * LOW HITPOINT WARNING * * *
Natasha stares at you and mumbles some strange words.
The magic dart hits you.
You die...

#.##.### ####.## # #
#.....# . #.....# ##
### #.##.## .
##.####.##.####..
#................
########.####......##.#
#.....@.h.# #.#...###.#
#.###.###(# #>........#
#.# #.# (# #..........
#.# #.# .# ####.####.#
#.# #.# .# ##'## #.#
#.###.###.# ##...###.#
#.....)...# ##.....##.#
#####..######.......#.#
##...####..........#


You could see Natasha.

Vanquished Creatures
  A dart slug (D:1)
  A ball python (D:1)
  4 bats
  5 goblins
  6 hobgoblins
  3 jackals (D:1)
  A frilled lizard (D:2)
  3 kobolds
  4 rats (D:1)
28 creatures vanquished.

Notes
Turn   | Place    | Note
-------+----------+-------------------------------------------
     0 | D:1      | FishyPogo the Centaur Arcane Marksman began the quest for
                  | the Orb.
     0 | D:1      | Reached XP level 1. HP: 16/16 MP: 2/2
   261 | D:1      | Reached XP level 2. HP: 23/23 MP: 3/3
   265 | D:1      | Learned a level 2 spell: Slow
  1114 | D:2      | Reached XP level 3. HP: 28/28 MP: 4/4
  1132 | D:2      | Found a blossoming altar of Fedhas.
  1596 | D:2      | Noticed Natasha
  1609 | D:2      | Killed from afar by Natasha

Skill      XL: |  1  2 |
---------------+-------+-----
Hexes          | 3 |  3.1
Bows           | 3 |  3.6
Fighting       | |  1.1
Dodging        | |  1.7
Spellcasting   | |  1.1

Action                   || total
-------------------------++-------
Melee: Short sword       ||     1
 Fire: Shortbow          ||   103
 Cast: Slow              ||     2
Armor: Robe              ||    10
Dodge: Dodged            ||    21
